 Dungeon Crawl Stone Soup version 0.25.1-2-g60ff931df9 (webtiles) character file.

Game seed: 7858061977149776079

76 Ivernyr the Ogre Mage (level 4, 0/42 HPs)
             Began as an Ogre Wizard on Oct 16, 2020.
             Slain by an orc
             ... wielding a +0 short sword
              (5 damage)
             ... on level 2 of the Dungeon.
             The game lasted 00:05:11 (2274 turns).

Ivernyr the Ogre Mage (Ogre Wizard)                 Turns: 2274, Time: 00:05:12

Health: 0/42       AC:  3    Str: 11    XL:     4   Next: 32%
Magic:  1/10       EV: 10    Int: 20    God:
Gold:   64         SH:  0    Dex:  7    Spells: 8/11 levels left

rFire    . . .     SeeInvis .   i - +0 mace
rCold    . . .     Gourm    .   (no shield)
rNeg     . . .     Faith    .   a - +0 robe
rPois    .         Spirit   .   b - +0 hat
rElec    .         Reflect  .   (no cloak)
rCorr    .         Harm     .   (gloves unavailable)
MR       .....                  (boots unavailable)
Stlth    +.........             (no amulet)
HPRegen  0.14/turn              (no ring)
MPRegen  0.12/turn              (no ring)

@: no status effects
A: large, unfitting armour, tough skin 1
a: no special abilities


You were on level 2 of the Dungeon.
You were not hungry.

You visited 1 branch of the dungeon, and saw 3 of its levels.

You collected 64 gold pieces.

Inventory:

Hand Weapons
 i - a +0 mace (weapon)
Armour
 a - a +0 robe (worn)
 b - a +0 hat (worn)
Scrolls
 e - a scroll of enchant weapon {unknown}
 f - a scroll of teleportation {unknown}
 j - a scroll of remove curse {unknown}
 k - a scroll of fog {unknown}
 l - 3 scrolls of identify {unknown}
 n - a scroll of immolation {unknown}
Potions
 g - a potion of heal wounds {unknown}
 h - a potion of curing {unknown}
 m - a potion of magic {unknown}
Comestibles
 c - a chunk of flesh
 d - 4 rations


   Skills:
 + Level 2.0 Fighting
 + Level 2.3 Dodging
 - Level 1.4 Stealth
 + Level 4.1 Spellcasting
 * Level 2.3 Conjurations
   Level 0.8 Summonings
 - Level 0.8 Translocations


You had 8 spell levels left.
You knew the following spells:

 Your Spells              Type           Power        Failure   Level  Hunger
a - Magic Dart            Conj           ##..         4%          1    None
b - Blink                 Tloc           N/A          14%         2    #......

Your spell library contained the following spells:

 Spells                   Type           Power        Failure   Level  Hunger
 Call Imp                 Summ           #.......     14%         2    #......
 Slow                     Hex            #.......     19%         2    #......
 Conjure Flame            Conj/Fire      #.......     24%         3    ###....
 Mephitic Cloud           Conj/Pois/Air  #.......     28%         3    ###....


Dungeon Overview and Level Annotations

Branches:
Dungeon (3/15)

Altars:


Innate Abilities, Weirdness & Mutations

You are too large for most types of armour.
You have tough skin. (AC +1)


Message History

Confirm with . or Enter, or press ? or * to list all spells.
Aiming: Magic Dart (safe; 4% risk of failure)
Press: ? - help, Shift-Dir - straight line, f/p - orc
Aim: an orc, wielding a +0 short sword and wearing a +0 chain mail The magic dart hits the orc.
The orc is heavily wounded.
The orc barely misses you.
You barely miss the orc.
The orc is heavily wounded.
The orc hits you but does no damage.
You hit the orc but do no damage.
The orc is heavily wounded.
The orc hits you but does no damage.
You closely miss the orc.
The orc is heavily wounded.
The orc hits you but does no damage. The orc closely misses you.
You hit the orc.
The orc is almost dead.
The orc hits you with a +0 short sword.
You die...

#.## #..........#
#..####..........#
##..............##
######.........#
#.........########
#.........)......#
#.........##.#.#.#
#.....o..........#
#.....@.#.#.#.#..#
##...............#
##.....#.#.#.#..#
####...........#
#..#.#.#.#..#
#...........#
#..#.#.#.#..#
#..........##
############


You could see an orc.

Vanquished Creatures
  An orc priest (D:3)
  A worm (D:3)
  5 orcs
  2 giant cockroaches (D:3)
  5 goblins
  5 hobgoblins
  3 jackals (D:1)
  2 kobolds
  A quokka (D:3)
  A ball python (D:1)
  2 bats
  6 frilled lizards
  3 rats
37 creatures vanquished.

Notes
Turn   | Place    | Note
-------+----------+-------------------------------------------
     0 | D:1      | Ivernyr the Ogre Wizard began the quest for the Orb.
     0 | D:1      | Reached XP level 1. HP: 16/16 MP: 5/5
    18 | D:1      | Reached skill level 1 in Conjurations
   393 | D:1      | Reached XP level 2. HP: 26/26 MP: 6/6
   428 | D:1      | Reached skill level 1 in Fighting
  1075 | D:2      | Learned a level 2 spell: Blink
  1246 | D:2      | Found a faded altar of an unknown god.
  1254 | D:2      | Reached XP level 3. HP: 33/33 MP: 8/8
  1357 | D:2      | You fall into a shaft and drop 1 floor!
  1895 | D:2      | Reached skill level 4 in Spellcasting
  2266 | D:3      | Reached XP level 4. HP: 8/42 MP: 1/10
  2274 | D:2      | Slain by an orc

Illustrated notes

Levels and vault maps discovered:
D:1:      dpeg_arrival_rhombus, layout_rooms, hangedman_decor_riveting,
          minmay_misc_feat_doors, minmay_unequal
D:2:      layout_rooms, nicolae_gozag_cash_rules_everything_around_me,
          lemuel_crystal_altar, old_standard_altar, serial_glass,
          glass_columns_a, glass_columns_c, chequers_ecumenical_altar_simple
D:3:      layout_basic, nicolae_ru_the_path_less_chosen, ebering_ghost_sewer_d,
          first_ration

Skill      XL: |  1  2  3 |
---------------+----------+-----
Conjurations   | 1 2 |  2.3
Dodging        | 2 |  2.3
Fighting       | 1 2 |  2.0
Spellcasting   | 4 |  4.1
Stealth        | |  1.4
Summonings     | |  0.8
Translocations | |  0.8

Action                   |  1- 3 |  4- 6 || total
-------------------------+-------+-------++-------
Melee: Unarmed           |    18 |       ||    18
       Mace              |    95 |     4 ||    99
 Cast: Magic Dart        |    63 |     3 ||    66
  Eat: Chunk             |     4 |       ||     4
Armor: Robe              |    47 |     2 ||    49
Dodge: Dodged            |   113 |     2 ||   115
